Map: Acropolis LE

Players

ButAlways - Winner!

  • Race: Protoss Protoss
  • Spawn Location: 11:00

Probe

  • Race: Protoss Protoss
  • Spawn Location: 5:00

VOD

Have the link to the VOD?

Description

Time

  • Played on: Sept. 7, 2019, 9:17 a.m.
  • Length: 8:22
Show
View Real Time Build Order
Export as new Build Order

ButAlways Protoss - Winner!

Build Orders:  

Get SALT Encoding   

  12  0:00  Probe  
  13  0:13  Probe  
  14  0:17  Pylon  
  14  0:25  Probe  
  15  0:33  Probe  
  15  0:36  Gateway  
  15  0:41  Probe  
  16  0:47  Assimilator  
  17  0:51  Probe  
  17  0:55  Assimilator  
  18  0:59  Probe  
  19  1:07  Probe  
  19  1:09  Gateway  
  19  1:18  Probe  
  20  1:25  Cybernetics Core  
  21  1:30  Probe  
  22  1:35  Pylon  
  22  1:42  Probe  
  23  1:52  Warp Gate  
  23  2:01  Stalker  
  23  2:02  Stalker  
  27  2:12  Robotics Facility  
  27  2:19  Gateway  
  27  2:31  Stalker  
  27  2:35  Stalker  
  31  2:44  Pylon  
  31  2:48  Pylon  
  31  2:55  Warp Prism  
  33  3:24  Pylon  
  33  3:32  Observer  
  34  3:40  Stalker  
  34  3:41  Sentry, Stalker  
  38  3:47  Immortal  
  44  4:10  Pylon, Stalker  
  46  4:21  Adept x2  
  50  4:43  Immortal  
  50  4:50  Adept  
  50  4:52  Adept  
  54  5:06  Observer, Stargate  
  54  5:13  Pylon  
  54  5:14  Adept  
  56  5:34  Immortal  
  60  5:50  Phoenix  
  62  6:08  Phoenix, Nexus  
  64  6:32  Phoenix, Adept  
  68  6:53  Stalker  
  70  7:00  Pylon  
  70  7:01  Pylon  
  70  7:11  Phoenix  
  72  7:26  Adept x2  
  72  7:29  Adept  
  78  7:33  Phoenix  
  80  7:55  Adept x2  
  66  8:18  Adept x3  
Show
View Real Time Build Order
Export as new Build Order

Probe Protoss 

Build Orders:  

Get SALT Encoding   

  12  0:00  Probe  
  13  0:13  Probe  
  14  0:17  Pylon  
  14  0:23  Probe  
  15  0:32  Probe  
  15  0:39  Gateway  
  15  0:40  Probe  
  16  0:47  Assimilator  
  17  0:51  Probe  
  17  0:54  Assimilator  
  18  0:59  Probe  
  19  1:07  Probe  
  19  1:08  Gateway  
  19  1:17  Probe  
  21  1:26  Cybernetics Core  
  21  1:29  Probe  
  22  1:33  Pylon  
  22  1:41  Probe  
  23  1:54  Probe  
  24  2:01  Stalker  
  24  2:02  Warp Gate, Stalker  
  28  2:10  Pylon  
  28  2:15  Probe  
  29  2:31  Stalker  
  29  2:32  Stalker  
  29  2:33  Probe  
  34  2:54  Probe  
  35  3:06  Probe  
  35  3:11  Sentry  
  38  3:12  Nexus  
  38  3:18  Pylon  
  38  3:22  Robotics Facility  
  38  3:31  Probe  
  39  3:36  Forge  
  39  3:39  Probe  
  40  3:50  Sentry x2  
  40  3:54  Shield Battery  
  44  3:57  Pylon  
  44  3:58  Immortal  
  42  4:05  Shield Battery  
  42  4:07  Shield Battery  
  42  4:13  Pylon  
  46  4:24  Pylon  
  44  4:26  Gateway  
  44  4:29  Adept  
  46  4:35  Probe  
  45  4:47  Probe  
  45  4:52  Immortal  
  49  5:00  Sentry  
  51  5:09  Robotics Bay  
  51  5:20  Adept  
  53  5:21  Warp Prism  
  53  5:22  Protoss Ground Weapons Level 1  
  55  5:38  Pylon  
  55  5:40  Adept  
  57  5:49  Pylon  
  57  5:58  Disruptor  
  57  6:01  Adept  
  58  6:20  Probe  
  58  6:23  Gateway  
  59  6:29  Zealot x2  
  63  6:49  Colossus  
  63  6:57  Nexus  
  63  7:01  Disruptor  
  63  7:07  Pylon  
  63  7:08  Sentry  
  71  7:21  Pylon  
  71  7:22  Pylon  
  71  7:32  Stalker  
  71  7:33  Stalker  
  71  7:36  Observer  
  73  7:43  Adept  
  74  8:05  Stalker x2  
  55  8:18  Zealot  
Tags
 
Add a new tag
Caveats
  • Supply blocks, unpowered buildings, or Contaminate may cause inaccurate times.
  • Supply counts are checked every 10 seconds.